Unix NetHack Version 3.7.0-66 Work-in-progress - last build Dec 5 2022 03:26:57 (dbea811729ade750c4c0c7f8ab6145c62533a6e7,branch:master). Game began 2022-12-19 11:54:23, ended 2022-12-19 12:13:26. Anerag, lawful male human Samurai -------- --- |......----.-- -----...--...G)).---- | -- |.....-----...^.....------ .--- --.- |...--- --#-h..#-........(... |... |....| #..........- |...--...-- #...@....-.| -.....-- -#-....>...----- |.<...- |...d........| |......| |...))....-- -......- --....---..... ......... |..)..| -...| ---.......- |...--- ..| ---...... ----- -- --...... ........ -......... --...----.- ..-- -- --- Anerag the Ronin St:17 Dx:12 Co:18 In:8 Wi:11 Ch:8 Lawful Dlvl:6 $:63 HP:0(44) Pw:23(23) AC:2 Exp:5 T:1677 Hungry Burdened Latest messages: Your movements are now unencumbered. Hachi picks up an arrow. You are caught in a bear trap. You are caught in a bear trap. You are caught in a bear trap. The gnome shoots 2 arrows! The 1st arrow misses you. The 2nd arrow misses you. You are caught in a bear trap. You are caught in a bear trap. You are caught in a bear trap. You are caught in a bear trap. You finally wriggle free. You hit the gnome! The gnome swings her bow. The gnome hits! You kill the gnome! Hachi drops an arrow. The gnome hits! You kill the gnome! There is a staircase down to level 7 here. You see here an emerald potion. You have a little trouble lifting an emerald potion. Continue? [ynq] (q) y You have a little trouble lifting Y - an emerald potion. Your movements are slowed slightly because of your load. Your leg feels better. Your movements are now unencumbered. There are a few objects here. A bear trap closes on your foot! Your movements are slowed slightly because of your load. You have a little trouble lifting q - an uncursed sky blue potion. You have a little trouble lifting k - an uncursed yellow potion. You are caught in a bear trap. You are caught in a bear trap. You are caught in a bear trap. You are caught in a bear trap. You are caught in a bear trap. You are caught in a bear trap. You hear crashing rock. You are caught in a bear trap. You finally wriggle free. The gnome wields an aklys! Hachi bites the gnome. The gnome is killed! Hachi eats a gnome corpse. There are two objects here. The gnome zaps a wand called striking! The wand hits you! You die... Do you want your possessions identified? [ynq] (y) q Inventory: Coins $ - 63 gold pieces Weapons d - 30 uncursed +0 ya (in quiver) c - an uncursed +0 yumi (alternate weapon; not wielded) a - an uncursed +0 katana (weapon in hand) b - an uncursed +0 wakizashi Armor p - an uncursed +0 orcish helm (being worn) g - an uncursed +0 pair of speed boots (being worn) N - an uncursed +0 dwarvish cloak (being worn) e - an uncursed rustproof +0 splint mail (being worn) Scrolls W - an uncursed scroll of enchant armor h - a blessed scroll of fire n - an uncursed scroll of food detection A - 2 uncursed scrolls of identify E - an uncursed scroll of remove curse J - a cursed scroll of teleportation Potions z - an uncursed potion of extra healing Y - an uncursed potion of extra healing k - an uncursed potion of full healing D - an uncursed potion of invisibility R - a blessed potion of restore ability q - an uncursed potion of sickness X - an uncursed potion of sleeping G - an uncursed potion of water V - an uncursed potion of water Wands s - an uncursed wand of light (0:12) I - an uncursed wand of lightning (0:7) r - an uncursed wand of striking (0:5) Q - an uncursed wand of striking (0:4) Tools t - an uncursed blindfold T - an uncursed mirror l - an uncursed oil lamp m - an uncursed skeleton key Gems/Stones u - an uncursed aquamarine stone M - 2 uncursed jacinth stones K - 2 uncursed worthless pieces of blue glass H - an uncursed worthless piece of green glass F - 2 uncursed worthless pieces of orange glass S - an uncursed worthless piece of white glass v - an uncursed worthless piece of yellowish brown glass Anerag the Samurai's attributes: Background: You were a Ronin, a level 5 male human Samurai. You were lawful, on a mission for Amaterasu Omikami who was opposed by Raijin (neutral) and Susanowo (chaotic). You were in the Gnomish Mines, on level 6. You entered the dungeon 1677 turns ago. You had 224 experience points, 96 more were needed to attain level 6. Basics: You had 0 out of 44 hit points. You had all 23 energy points (spell power). Your armor class was 2. Your wallet contained 63 zorkmids. Autopickup was on for '$' plus thrown. Final Characteristics: Your strength was 17 (peak:18, limit:18/100). Your dexterity was 12 (base:13, limit:18). Your constitution was 18 (limit:18). Your intelligence was 8 (limit:18). Your wisdom was 11 (limit:18). Your charisma was 8 (limit:18). Final Status: You had a wounded right leg. You were hungry. You were burdened; movement was slightly slowed. You were wielding a long sword. You had basic skill with long sword. Final Attributes: You were devoutly aligned. You were warded. You were very fast. You are dead. Miscellaneous: You disabled loading of bones levels. Total elapsed playing time was 17 minutes and 8 seconds. Major events: Turn 1: Anerag the lawful male human Samurai entered the dungeon 503: attained the rank of Ronin (level 3) 1160: entered the Gnomish Mines 1677: killed by a wand Vanquished creatures: a ghost 2 gnome leaders a gray ooze 3 dwarves a dwarf zombie a wererat a hobbit a giant rat a yellow mold a green mold 15 gnomes 2 garter snakes 2 geckos a fox a kobold 2 goblins 2 grid bugs a lichen a kobold zombie 2 newts 42 creatures vanquished. No species were genocided or became extinct. Voluntary challenges: You read items or engraved 6 times. You never engraved Elbereth. You never genocided any monsters. You never polymorphed an object. You never changed form. You used no wishes. Achievements: You attained the rank of Ronin. You entered the Gnomish Mines. The Dungeons of Doom: levels 1 to 5 Level 1: Level 2: A fountain. Level 3: An altar, a sink, a grave. Level 4: An altar to Amaterasu Omikami, many fountains. Stairs down to The Gnomish Mines. Level 5: The Gnomish Mines: levels 5 to 7 Level 5: Level 6: <- You were here. Final resting place for you, killed by a wand. Level 7: Game over: ---------- / \ / REST \ / IN \ / PEACE \ / \ | Anerag | | 63 Au | | killed by a wand | | | | | | | | 2022 | *| * * * | * _________)/\\_//(\/(/\)/\//\/|_)_______ Sayonara Anerag the Samurai... You died in The Gnomish Mines on dungeon level 6 with 1809 points, and 63 pieces of gold, after 1677 moves. You were level 5 with a maximum of 44 hit points when you died.